 Dungeon Sprint DCSS version 0.30-a0-172-gc5509c9e31 (webtiles) character file.

Game seed: 7808538735839834619

9627 hellse the Martial Artist (level 11, -2/111 HPs)
             Began as a Gnoll Transmuter on Oct 1, 2022.
             Was the Champion of Sif Muna.
             Slain by an orc knight
             ... wielding a +0 war axe
              (28 damage)
             ... in the Dungeon (Sprint IX: "|||||||||||||||||||||||||||||").
             The game lasted 00:06:18 (2256 turns).

hellse the Martial Artist (Gnoll Transmuter)        Turns: 2256, Time: 00:06:18

Health: -2/111     AC: 10    Str: 12    XL:     11   Next: 49%
Magic:  12/26      EV: 14    Int: 20    God:    Sif Muna [******]
Gold:   709        SH:  0    Dex: 13    Spells: 18/33 levels left

rFire   x . .      SeeInvis .      - Unarmed
rCold   + + +      Faith    .    (shield currently unavailable)
rNeg    . . .      Spirit   .    (body armour currently unavailable)
rPois   +          Reflect  .    (helmet currently unavailable)
rElec   .          Harm     .    (cloak currently unavailable)
rCorr   .          Rampage  .    (gloves currently unavailable)
Will    .....      NoTele   +    (boots currently unavailable)
Stlth   +++++.....               (no amulet)
HPRegen 0.38/turn                q - +3 ring of strength
MPRegen 0.20/turn                r - +3 ring of intelligence

@: ice-form, wereblooded, very slightly contaminated
A: freezing attack, amphibious, boosted hp, large, (fangs 1), strong nose,
distributed training
a: End Transformation, Renounce Religion, Channel Magic, Forget Spell, Divine
Exegesis


You were in the Dungeon.
You worshipped Sif Muna.
Sif Muna was exalted by your worship.
You were a creature of crystalline ice.
You visited 1 branch You collected 709 gold pieces.

Inventory:

Hand Weapons
 k - a +1 broad axe of freezing
 l - a +2 halberd of venom
 m - a +0 lajatang of speed
 n - a +2 morningstar of protection
 o - a +2 rapier of distortion
 p - a +2 scimitar of flaming
Armour
 a - a +0 robe
 y - a +0 cloak (melded)
 z - a +0 pair of gloves (melded)
 A - a +0 pair of boots (melded)
 B - a +0 helmet (melded)
 C - a +1 chain mail (melded)
Jewellery
 q - a +3 ring of strength (left front paw)
 r - a +3 ring of intelligence (right front paw)
Wands
 j - a wand of light (7)
Scrolls
 h - 2 scrolls of blinking
 i - 2 scrolls of amnesia
 u - 2 scrolls of fog
 v - a scroll of identify
 w - 4 scrolls of enchant armour
 x - 2 scrolls of enchant weapon
Potions
 b - a potion of lignification
 c - 6 potions of curing
 d - 4 potions of heal wounds
 e - a potion of resistance
 f - 4 potions of magic
 g - a potion of invisibility
 s - 2 potions of might
 t - a potion of brilliance


   Skills:
 + Level 11.1 Fighting
 + Level 10.8 Short Blades
 + Level 10.8 Long Blades
 + Level 10.8 Axes
 + Level 10.8 Maces & Flails
 + Level 10.8 Polearms
 + Level 10.8 Staves
 + Level 10.8 Ranged Weapons
 + Level 10.8 Throwing
 + Level 10.8 Armour
 + Level 11.7 Dodging
 + Level 10.8 Stealth
 + Level 10.8 Shields
 + Level 12.5 Unarmed Combat
 + Level 11.9 Spellcasting
 + Level 9.1 Conjurations
 + Level 9.1 Hexes
 + Level 9.1 Summonings
 + Level 9.1 Necromancy
 + Level 9.1 Translocations
 + Level 9.9 Transmutations
 + Level 9.1 Fire Magic
 + Level 9.1 Ice Magic
 + Level 9.1 Air Magic
 + Level 9.1 Earth Magic
 + Level 9.1 Poison Magic
 + Level 11.7 Invocations
 + Level 10.8 Evocations


You had 18 spell levels left.
You knew the following spells:

 Your Spells              Type           Power      Damage    Failure   Level
a - Beastly Appendage     Tmut           100%       N/A       1%          1
b - Wereblood             Tmut           51%        N/A       1%          2
c - Spider Form           Tmut/Pois      50%        N/A       1%          3
d - Ice Form              Ice/Tmut       50%        N/A       1%          4
e - Blade Hands           Tmut           25%        N/A       2%          5

Your spell library contained the following spells:

 Spells                   Type           Power      Damage    Failure   Level
 Apportation              Tloc           96%        N/A       1%          1
 Kiss of Death            Conj/Necr      100%       2d13      1%          1
 Cigotuvi's Dreadful Rot  Necr/Pois/Air  96%        N/A       1%          2
 Searing Ray              Conj           96%        2d7       1%          2
 Confusing Touch          Hex            48%        N/A       1%          3
 Ignite Poison            Fire/Tmut/Pois 49%        N/A       1%          3
 Portal Projectile        Hex/Tloc       96%        N/A       1%          3
 Stone Arrow              Conj/Erth      96%        3d13      1%          3
 Summon Guardian Golem    Hex/Summ       48%        N/A       1%          3
 Vampiric Draining        Necr           48%        2d9       1%          3
 Fulminant Prism          Conj/Hex       24%        3d13      1%          4
 Leda's Liquefaction      Hex/Erth       24%        N/A       1%          4
 Petrify                  Tmut/Erth      50%        N/A       1%          4
 Agony                    Necr           48%        N/A       3%          5
 Lightning Bolt           Conj/Air       24%        1d39      3%          5
 Conjure Ball Lightning   Conj/Air       24%        3x3d7     21%         6
 Death Channel            Necr           24%        N/A       21%         6
 Dispersal                Tloc           24%        N/A       21%         6
 Storm Form               Tmut/Air       25%        N/A       67%         7
 Orb of Destruction       Conj           24%        9d9       75%         7
 Spellforged Servitor     Conj/Summ      24%        N/A       75%         7


Dungeon Overview and Level Annotations

Branches:
Dungeon (1/1)

Altars:
Cheibriados
Dithmenos
Elyvilon
Fedhas
Gozag
Hepliaklqana
Kikubaaqudgha
Makhleb
Nemelex Xobeh
Okawaru
Qazlal
Ru
Sif Muna
Trog
Uskayaw
Vehumet
Wu Jian
Xom
Yredelemnul
Zin
The Shining One
Jiyva
Lugonu


Innate Abilities, Weirdness & Mutations

You are a creature of crystalline ice.
You have a powerful freezing melee attack.
You are amphibious.
Your maximum health is increased.
Your armour is entirely melded.
You are incapable of wielding weapons or throwing items.
((You have very sharp teeth.))
Your uncanny sense of smell can sniff out nearby items.
Your experience applies equally to all skills.


Message History

The orc warrior no longer looks unusually strong.
The orc high priest hits you with a +0 war axe!
Casting: Ice Form (dangerous; 22% risk of failure)
Confirm with . or Enter, or press ? or * to list all spells.
You turn into a creature of crystalline ice.
Your +0 cloak melds into your body.
Your +0 helmet melds into your body.
Your +0 pair of gloves melds into your body.
Your +0 pair of boots melds into your body.
Your +1 chain mail melds into your body.
The orc knight no longer looks unusually strong.
The orc knight roars a battlecry!
The orcs go into a battle-frenzy!
The orc high priest misses you.
You hear a shout!
Unknown command.
Unknown command.
You punch the orc high priest! You freeze the orc high priest.
The orc high priest is almost dead.
The orc knight no longer looks unusually strong.
The orc high priest hits you but does no damage.
You punch the orc high priest! You freeze the orc high priest.
You feel a bit better.
You kill the orc high priest!
Sif Muna accepts your kill.
The red devil disappears in a puff of smoke!
The orc knight roars a battlecry!
The orc knight goes into a battle-frenzy!
Your life force feels restored.
Unknown command.
You punch the orc knight! You freeze the orc knight.
The orc knight is lightly wounded.
You barely miss the orc knight.
The orc knight is lightly wounded.
You howl as the wereblood boils in your veins!
The orc knight hits you with a +0 war axe!!
* * * LOW HITPOINT WARNING * * *
You pummel the orc knight!! You freeze the orc knight.
The orc knight is severely wounded.
The orc knight hits you with a +0 war axe!!
You die...

∆∆ ∆∆∆∆∆∆∆∆ ∆∆∆∆∆∆∆∆ ∆∆∆∆ ∆∆∆∆
▓▓▓▓▓▓▓▓▓▓▓▓▓▓▓▓▓▓▓▓▓▓▓▓
.')))))))......)Yoo$oo..∆∆∆∆ ∆∆∆∆
▓▓▓▓▓▓▓▓▓▓▓▓▓▓▓▓▓▓▓▓▓▓▓▓▓▓▓▓▓▓▓▓▓
.................................
▓▓▓▓▓▓▓▓▓▓▓▓▓▓▓▓▓▓▓▓▓▓▓▓▓▓▓▓▓▓▓▓▓
.[.).....'.........'.........'...
▓▓▓▓▓▓▓▓▓▓▓▓▓▓▓▓▓▓▓▓▓▓▓▓▓▓▓▓▓▓▓▓▓
.................................
▓▓▓▓▓▓▓▓▓▓▓▓▓▓▓▓▓▓▓▓▓▓▓▓▓▓▓▓▓▓▓▓▓
....'________________________'...


You could see 3 orc knights and an orc warrior (strong).

Vanquished Creatures
  A boulder beetle (D)
  An orc high priest (D)
  An orc knight (D)
  2 orc sorcerers (D)
  2 elephants (D)
  4 cane toads (D)
  A rime drake (D)
  A kobold demonologist (D)
  Psyche (D)
  2 komodo dragons (D)
  3 trolls (D)
  5 polar bears (D)
  A wraith (D)
  2 shadows (D)
  A yak (D)
  A spriggan (shapeshifter) (D)
  A wyvern (D)
  4 water moccasins (D)
  3 orc warriors (D)
  4 black bears (D)
  2 bullfrogs (D)
  A gnoll sergeant (D)
  A scorpion (D)
  3 orc priests (D)
  A hound (D)
  3 orc wizards (D)
  2 adders (D)
  8 orcs (D)
  An endoplasm (D)
  A hobgoblin (D)
  2 ball pythons (D)
  A bat (D)
67 creatures vanquished.

Notes
Turn   | Place    | Note
-------+----------+-------------------------------------------
     0 | D        | hellse the Gnoll Transmuter began the quest for the Orb.
     0 | D        | Reached XP level 1. HP: 17/17 MP: 6/6
     9 | D        | Reached skill level 5 in Spellcasting
    12 | D        | Reached skill level 1 in Invocations
    18 | D        | Noticed a scorpion
    18 | D        | Noticed a hound
    24 | D        | Reached skill level 1 in Short Blades
    24 | D        | Reached skill level 1 in Long Blades
    24 | D        | Reached skill level 1 in Axes
    24 | D        | Reached skill level 1 in Maces & Flails
    24 | D        | Reached skill level 1 in Polearms
    24 | D        | Reached skill level 1 in Staves
    24 | D        | Reached skill level 1 in Ranged Weapons
    24 | D        | Reached skill level 1 in Throwing
    24 | D        | Reached skill level 1 in Armour
    24 | D        | Reached skill level 1 in Stealth
    24 | D        | Reached skill level 1 in Shields
    24 | D        | Reached skill level 1 in Conjurations
    24 | D        | Reached skill level 1 in Hexes
    24 | D        | Reached skill level 1 in Summonings
    24 | D        | Reached skill level 1 in Necromancy
    24 | D        | Reached skill level 1 in Translocations
    24 | D        | Reached skill level 1 in Fire Magic
    24 | D        | Reached skill level 1 in Ice Magic
    24 | D        | Reached skill level 1 in Air Magic
    24 | D        | Reached skill level 1 in Earth Magic
    24 | D        | Reached skill level 1 in Poison Magic
    24 | D        | Reached skill level 1 in Evocations
    24 | D        | Reached XP level 2. HP: 23/23 MP: 6/8
    27 | D        | Killed a scorpion
    28 | D        | Reached skill level 5 in Dodging
    28 | D        | Reached skill level 7 in Unarmed Combat
    28 | D        | Reached XP level 3. HP: 30/30 MP: 7/10
    28 | D        | Reached XP level 4. HP: 37/37 MP: 7/11
    42 | D        | Found a snail-covered altar of Cheibriados.
    42 | D        | Found a shadowy altar of Dithmenos.
    42 | D        | Found a white marble altar of Elyvilon.
    42 | D        | Found a blossoming altar of Fedhas.
    42 | D        | Found an opulent altar of Gozag.
    43 | D        | Found a hazy altar of Hepliaklqana.
    44 | D        | Found a viscous altar of Jiyva.
    45 | D        | Found an ancient bone altar of Kikubaaqudgha.
    46 | D        | Found a corrupted altar of Lugonu.
    47 | D        | Found a burning altar of Makhleb.
    48 | D        | Found a sparkling altar of Nemelex Xobeh.
    49 | D        | Found an iron altar of Okawaru.
    50 | D        | Found a stormy altar of Qazlal.
    51 | D        | Found a sacrificial altar of Ru.
    52 | D        | Found a shimmering blue altar of Sif Muna.
    53 | D        | Found a bloodstained altar of Trog.
    54 | D        | Found a hide-covered altar of Uskayaw.
    55 | D        | Found a radiant altar of Vehumet.
    56 | D        | Found an ornate altar of the Wu Jian Council.
    57 | D        | Found a shimmering altar of Xom.
    58 | D        | Found a basalt altar of Yredelemnul.
    59 | D        | Found a glowing silver altar of Zin.
    60 | D        | Became a worshipper of Sif Muna the Loreminder
    61 | D        | Found a glowing golden altar of the Shining One.
    93 | D        | Learned a level 2 spell: Wereblood
    97 | D        | Learned a level 3 spell: Spider Form
   102 | D        | Learned a level 4 spell: Ice Form
   223 | D        | Noticed a shadow
   223 | D        | Noticed a gnoll sergeant
   223 | D        | Noticed a shadow
   223 | D        | Noticed a troll
   226 | D        | Killed a shadow
   227 | D        | Reached skill level 5 in Fighting
   227 | D        | Reached skill level 8 in Unarmed Combat
   227 | D        | Reached skill level 5 in Transmutations
   227 | D        | Reached XP level 5. HP: 44/44 MP: 7/14
   227 | D        | Reached XP level 6. HP: 51/51 MP: 7/15
   231 | D        | Reached skill level 5 in Invocations
   234 | D        | Reached * piety under Sif Muna
   235 | D        | Reached skill level 5 in Short Blades
   235 | D        | Reached skill level 5 in Long Blades
   235 | D        | Reached skill level 5 in Axes
   235 | D        | Reached skill level 5 in Maces & Flails
   235 | D        | Reached skill level 5 in Polearms
   235 | D        | Reached skill level 5 in Staves
   235 | D        | Reached skill level 5 in Ranged Weapons
   235 | D        | Reached skill level 5 in Throwing
   235 | D        | Reached skill level 5 in Armour
   235 | D        | Reached skill level 5 in Stealth
   235 | D        | Reached skill level 5 in Shields
   235 | D        | Reached skill level 5 in Evocations
   242 | D        | Killed a shadow
   243 | D        | Reached XP level 7. HP: 31/58 MP: 10/18
   248 | D        | Killed a troll
   249 | D        | Reached skill level 9 in Unarmed Combat
   249 | D        | Reached skill level 5 in Conjurations
   249 | D        | Reached skill level 5 in Hexes
   249 | D        | Reached skill level 5 in Summonings
   249 | D        | Reached skill level 5 in Necromancy
   249 | D        | Reached skill level 5 in Translocations
   249 | D        | Reached skill level 5 in Fire Magic
   249 | D        | Reached skill level 5 in Ice Magic
   249 | D        | Reached skill level 5 in Air Magic
   249 | D        | Reached skill level 5 in Earth Magic
   249 | D        | Reached skill level 5 in Poison Magic
   254 | D        | Reached ** piety under Sif Muna
   396 | D        | Noticed a wraith
   396 | D        | Noticed a troll
   396 | D        | Noticed a troll
   396 | D        | Noticed a kobold demonologist
   396 | D        | Noticed a harpy
   396 | D        | Noticed a boulder beetle
   400 | D        | Killed a wraith
   401 | D        | Reached XP level 8. HP: 65/65 MP: 14/20
   404 | D        | Noticed an orange demon
   405 | D        | Killed a troll
   410 | D        | a harpy changed into a spriggan
   410 | D        | Noticed a spriggan (shapeshifter)
   414 | D        | Killed a spriggan
   416 | D        | Killed a troll
   416 | D        | Reached *** piety under Sif Muna
   419 | D        | Killed a kobold demonologist
   420 | D        | Reached skill level 10 in Unarmed Combat
   420 | D        | Reached XP level 9. HP: 33/74 MP: 16/22
   802 | D        | Killed a boulder beetle
  1037 | D        | Noticed a komodo dragon
  1037 | D        | Noticed a komodo dragon
  1037 | D        | Noticed a cane toad
  1040 | D        | Noticed a rime drake
  1041 | D        | Killed a komodo dragon
  1042 | D        | Reached **** piety under Sif Muna
  1043 | D        | Noticed a cane toad
  1048 | D        | Killed a komodo dragon
  1051 | D        | Killed a cane toad
  1051 | D        | Reached ***** piety under Sif Muna
  1052 | D        | Reached skill level 10 in Spellcasting
  1052 | D        | Reached XP level 10. HP: 58/83 MP: 15/24
  1056 | D        | Received a gift from Sif Muna
  1059 | D        | Reached skill level 10 in Dodging
  1059 | D        | Reached skill level 11 in Unarmed Combat
  1061 | D        | Killed a cane toad
  1066 | D        | Got Sif Muna's Anthology of the Ageless Continents {god
                  | gift}
  1251 | D        | Noticed a cane toad
  1251 | D        | Noticed an elephant
  1260 | D        | Noticed an elephant
  1261 | D        | Noticed a cane toad
  1262 | D        | Killed a cane toad
  1263 | D        | Reached skill level 10 in Invocations
  1266 | D        | Killed an elephant
  1270 | D        | Received a gift from Sif Muna
  1283 | D        | Killed an elephant
  1284 | D        | Reached skill level 10 in Fighting
  1288 | D        | Killed a cane toad
  1399 | D        | Received a gift from Sif Muna
  1400 | D        | Reached skill level 10 in Short Blades
  1400 | D        | Reached skill level 10 in Long Blades
  1400 | D        | Reached skill level 10 in Axes
  1400 | D        | Reached skill level 10 in Maces & Flails
  1400 | D        | Reached skill level 10 in Polearms
  1400 | D        | Reached skill level 10 in Staves
  1400 | D        | Reached skill level 10 in Ranged Weapons
  1400 | D        | Reached skill level 10 in Throwing
  1400 | D        | Reached skill level 10 in Armour
  1400 | D        | Reached skill level 10 in Stealth
  1400 | D        | Reached skill level 10 in Shields
  1400 | D        | Reached skill level 10 in Evocations
  1400 | D        | Reached XP level 11. HP: 87/92 MP: 22/26
  1404 | D        | Reached skill level 12 in Unarmed Combat
  1414 | D        | Got Sif Muna's Secrets of Blasphemous Rituals {god gift}
  1569 | D        | Noticed Psyche
  1579 | D        | Killed Psyche
  1605 | D        | Received a gift from Sif Muna
  1610 | D        | Noticed an orc sorcerer
  1618 | D        | Killed an orc sorcerer
  1625 | D        | Noticed an orc knight
  1632 | D        | Received a gift from Sif Muna
  1637 | D        | Killed an orc knight
  1637 | D        | Reached ****** piety under Sif Muna
  1638 | D        | Got Sif Muna's Folio of the Excruciating Jaunt {god gift}
  1650 | D        | Got Sif Muna's Anthology of Mercurial Sinister Deeds {god
                  | gift}
  1657 | D        | Learned a level 5 spell: Blade Hands
  2226 | D        | Noticed an orc sorcerer
  2226 | D        | Noticed an orc high priest
  2226 | D        | Noticed an orc knight
  2232 | D        | Noticed a sixfirhy
  2234 | D        | Killed an orc sorcerer
  2234 | D        | Noticed an orc knight
  2235 | D        | Noticed a soul eater
  2248 | D        | Noticed an orc knight
  2253 | D        | Killed an orc high priest
  2256 | D        | Slain by an orc knight

Illustrated notes

Levels and vault maps discovered:
D:        linesprint [early_d, line_temple, items_1, d_10, items_2, lair_1,
          lair_end, items_3, orc_1, orc_end, items_4, d_15, swamp_1, shoals_1,
          snake_1, spider_1, d_20, vaults_1, items_5, swamp_end, shoals_end,
          snake_end, spider_end, vaults_end, d_27, items_6, zot_1, zot_end,
          crypt_end, forest_end, elf_end, slime_end, tomb_end, abyss_end,
          pan_hell_end]

Skill      XL: |  1  2  3  4  5  6  7  8  9 10 11 |
---------------+----------------------------------+-----
Spellcasting   | 5 6 7 8 9 10 11 | 11.9
Invocations    | 1 3 4 6 7 8 9 10 11 | 11.7
Short Blades   | 1 2 4 5 6 7 8 10 | 10.8
Long Blades    | 1 2 4 5 6 7 8 10 | 10.8
Axes           | 1 2 4 5 6 7 8 10 | 10.8
Maces & Flails | 1 2 4 5 6 7 8 10 | 10.8
Polearms       | 1 2 4 5 6 7 8 10 | 10.8
Staves         | 1 2 4 5 6 7 8 10 | 10.8
Ranged Weapons | 1 2 4 5 6 7 8 10 | 10.8
Throwing       | 1 2 4 5 6 7 8 10 | 10.8
Armour         | 1 2 4 5 6 7 8 10 | 10.8
Stealth        | 1 2 4 5 6 7 8 10 | 10.8
Shields        | 1 2 4 5 6 7 8 10 | 10.8
Conjurations   | 1 2 3 4 5 6 7 8 9 |  9.1
Hexes          | 1 2 3 4 5 6 7 8 9 |  9.1
Summonings     | 1 2 3 4 5 6 7 8 9 |  9.1
Necromancy     | 1 2 3 4 5 6 7 8 9 |  9.1
Translocations | 1 2 3 4 5 6 7 8 9 |  9.1
Fire Magic     | 1 2 3 4 5 6 7 8 9 |  9.1
Ice Magic      | 1 2 3 4 5 6 7 8 9 |  9.1
Air Magic      | 1 2 3 4 5 6 7 8 9 |  9.1
Earth Magic    | 1 2 3 4 5 6 7 8 9 |  9.1
Poison Magic   | 1 2 3 4 5 6 7 8 9 |  9.1
Evocations     | 1 2 4 5 6 7 8 10 | 10.8
Fighting       | 3 5 6 7 9 10 11 | 11.1
Dodging        | 5 6 7 8 9 11 | 11.7
Unarmed Combat | 7 8 9 10 11 12 | 12.5
Transmutations | 4 5 6 7 8 9 |  9.9

Action                   |  1- 3 |  4- 6 |  7- 9 | 10-12 || total
-------------------------+-------+-------+-------+-------++-------
Melee: Unarmed           |    13 |    25 |    60 |   132 ||   230
       Kick              |     2 |       |       |       ||     2
       Headbutt          |     1 |       |       |       ||     1
       Bite              |     1 |       |       |       ||     1
       Punch             |       |       |       |     3 ||     3
 Cast: Beastly Appendage |     2 |       |       |       ||     2
       Ice Form          |       |     2 |     8 |     6 ||    16
       Wereblood         |       |     1 |     2 |     4 ||     7
       Spider Form       |       |     1 |     2 |     1 ||     4
       Blade Hands       |       |       |       |     2 ||     2
Evoke: Wand              |       |       |     3 |       ||     3
  Use: Potion            |     1 |     1 |     1 |       ||     3
 Stab: Invisible         |       |       |     6 |       ||     6
       Distracted        |       |       |     1 |       ||     1
       Sleeping          |       |       |       |     1 ||     1
Armor: Robe              |     1 |       |       |       ||     1
       Skin              |       |     3 |     7 |    30 ||    40
       Chain mail        |       |       |       |     6 ||     6
Dodge: Dodged            |     7 |     6 |    19 |    60 ||    92

Table legend: (Time is in decaauts)
 A = Elapsed time spent in this place.
 B = Non-inter-level travel time spent in this place.
 C = Inter-level travel time spent in this place.
 D = Time resting spent in this place.
 E = Time spent auto-exploring this place.
 F = Levels seen in this place.
 G = Mean time per level.
                   A        B        C        D        E       F      G
               +--------+--------+--------+--------+--------+-----+--------+
         Total |   2207 |   1724 |    483 |    950 |    190 |   1 | 2207.0 |
       Dungeon |   2207 |   1724 |    483 |    950 |    190 |   1 | 2207.0 |
               +--------+--------+--------+--------+--------+-----+--------+

Top non-repeatable levels by time:
       D: 2207 daAuts
